 Dungeon Crawl Stone Soup version 0.29.0-4-gdea44cf6ec (webtiles) character file.

Game seed: 3915274696105717773

11580 qw the Blocker (level 11, -8/100 HPs)
             Began as a Troll Cinder Acolyte on Aug 31, 2022.
             Was an Initiate of Ignis.
             Mangled by a black mamba (10 damage)
             ... on level 1 of the Lair of Beasts.
             The game lasted 00:05:22 (9495 turns).

qw the Blocker (Troll Cinder Acolyte)               Turns: 9495, Time: 00:05:22

Health: -8/100     AC:  6    Str: 34    XL:     11   Next: 51%
Magic:  0/11       EV:  7    Int: 10    God:    Ignis [......]
Gold:   709        SH: 15    Dex:  5    Spells: 12/12 levels left

rFire   + + .      SeeInvis +     - Unarmed
rCold   . . .      Faith    .   g - +0 tower shield
rNeg    . . .      Spirit   +   l - +2 robe {rF+}
rPois   .          Reflect  .   (helmet restricted)
rElec   .          Harm     .   (no cloak)
rCorr   .          Rampage  .   (gloves unavailable)
Will    .....                   (boots unavailable)
Stlth   +.........              h - amulet of guardian spirit
HPRegen 1.06/turn               j - +6 ring of strength
MPRegen 0.12/turn               q - ring of see invisible

@: no status effects
A: large, unfitting armour, claws 3, regeneration 1, shaggy fur 1, tough skin 1
a: Renounce Religion, Rising Flame


You were on level 1 of the Lair of Beasts.
You worshipped Ignis.
Ignis was noncommittal.
You visited 2 branches of the dungeon, and saw 12 of its levels.

You collected 767 gold pieces.
You spent 58 gold pieces at shops.


Innate Abilities, Weirdness & Mutations

You are too large for most types of armour.
You have claws for hands.
Your natural rate of healing is unusually fast.
You are covered in fur. (AC +1)
You have tough skin. (AC +1)


   Skills:
 - Level 4.1 Fighting
 + Level 2.4 Throwing
 - Level 1.5 Dodging
 - Level 12.5 Shields
 - Level 11.4 Unarmed Combat
 - Level 1.0 Spellcasting
 - Level 2.1 Fire Magic


You had 12 spell levels left.
You didn't know any spells.
Your spell library contained the following spells:

 Spells                   Type           Power      Damage    Failure   Level
 Scorch                   Fire           8%         2d5       56%         2

Inventory:

Missiles
 o - 3 large rocks (quivered)
 p - 6 boomerangs
Armour
 a - a +0 troll leather armour
 g - a +0 tower shield (worn)
 l - a +2 robe of fire resistance (worn)
Jewellery
 h - an amulet of guardian spirit (around neck)
 j - a +6 ring of strength (left claw)
 m - a ring of protection from fire
 q - a ring of see invisible (right claw)
 s - a ring of see invisible
Scrolls
 c - 3 scrolls of enchant weapon
 d - a scroll of brand weapon
 k - a scroll of identify
Potions
 b - 3 potions of haste
 e - 5 potions of curing
 f - 2 potions of resistance
 i - a potion of mutation
 n - a potion of might {unknown}
 t - a potion of flight {unknown}

Dungeon Overview and Level Annotations

Branches:
Dungeon (11/15)            Temple (0/1) D:5            Lair (1/5) D:11
    Orc (0/2) D:10

Altars:
Cheibriados
Dithmenos
Nemelex Xobeh
Qazlal
Ru

Shops:
D:1 :   D:2 [   D:5 [

Annotations:
D:6 2 transporters, qw's ghost, novice TeWr


Message History

You mangle the cane toad!!
You kill the cane toad!
You feel very sick. The black mamba bites you. The bullfrog closely misses you.
The black mamba bites you!
Your Throwing skill increases to level 2!
You closely miss the black mamba.
You feel sick. You block the bullfrog's attack.
You block the black mamba's attack. The bullfrog closely misses you.
You closely miss the black mamba.
You feel sick. The black mamba bites you. You block the black mamba's attack.
You block the bullfrog's attack.
You barely miss the black mamba.
You feel sick. You block the black mamba's attack.
The bullfrog hits you but does no damage.
The black mamba barely misses you. The bullfrog hits you.
You claw the water moccasin!
The water moccasin is moderately wounded.
You feel sick. You block the black mamba's attack.
You block the bullfrog's attack. You block the water moccasin's attack.
You block the black mamba's attack.
You closely miss the water moccasin.
The water moccasin is moderately wounded.
You feel sick. You block the bullfrog's attack.
You block the black mamba's attack. The water moccasin bites you!
You block the bullfrog's attack.
You mangle the water moccasin!!
You kill the water moccasin!
You feel sick. You block the black mamba's attack. The black mamba bites you!
You block the bullfrog's attack.
You miss the black mamba.
You feel sick. You block the black mamba's attack. The bullfrog hits you.
The black mamba barely misses you. The bullfrog hits you.
You claw the black mamba!
The black mamba is lightly wounded.
You feel sick.
You are no longer poisoned.
The black mamba bites you! You block the bullfrog's attack.
The black mamba bites you!
You die...

).......(P...?...........
.........((....##..######
.............####..##
........(....# ##...# ..
.......##.P#.# #P..P###...~
........#....####..........
.......#####. #...........P
.......# #...######..~
7......# #.@.# .. #F.S#
.....# .......# ....?....#
....##.... ..## #.(.# .#
..(.#


You could see a black mamba and a bullfrog.

Vanquished Creatures
  A two-headed ogre (D:11)
  Erica (D:9)
  A manticore (D:11)
  4 slime creatures (D:9)
  2 oklob plants (D:11)
  An unseen horror (shapeshifter) (D:9)
  A cane toad (Lair:1)
  A komodo dragon (Lair:1)
  Psyche (D:8)
  2 trolls
  A hornet (D:9)
  A wyvern (D:8)
  2 wraiths
  14 yaks
  2 steam dragons
  An acid dragon (D:10)
  2 water moccasins
  Duvessa (D:4)
  3 ice beasts (D:6)
  3 black bears
  6 orc warriors
  2 sky beasts (D:7)
  4 centaurs
  2 phantoms
  2 bullfrogs (D:6)
  4 kobold brigands
  2 necrophages (D:6)
  Blork the orc (D:4)
  A scorpion (D:6)
  Dowan (D:4)
  9 howler monkeys
  2 hounds (D:5)
  2 jellies (D:5)
  6 orc priests
  A gnoll bouda (D:9)
  4 iguanas
  6 orc wizards
  5 adders
  4 gnolls (D:9)
  A river rat (Lair:1)
  3 white imps
  2 dart slugs
  33 orcs
  8 ball pythons
  7 endoplasms
  2 giant cockroaches (D:1)
  3 goblins
  3 hobgoblins
  4 jackals (D:3)
  20 kobolds
  4 quokkas
  6 bats
  4 rats (D:3)
209 creatures vanquished.

Vanquished Creatures (others)
  An orc wizard (D:5)
  4 plants (D:11)
5 creatures vanquished.

Grand Total: 214 creatures vanquished

Notes
Turn   | Place    | Note
-------+----------+-------------------------------------------
     0 | D:1      | qw the Troll Cinder Acolyte began the quest for the Orb.
     0 | D:1      | Reached XP level 1. HP: 22/22 MP: 1/1
     0 | D:1      | 0 ||| qw: Version: 0.1-a-97-g2dd2ca4
     0 | D:1      | 0 ||| qw: Game counter: 4642
     0 | D:1      | 0 ||| qw: Always use a shield: true
     0 | D:1      | 0 ||| qw: God list: Okawaru
     0 | D:1      | 0 ||| qw: Allow faded altars: false
     0 | D:1      | 0 ||| qw: Do Orc after D:15 true
     0 | D:1      | 0 ||| qw: Do second Lair branch before Depths: true
     0 | D:1      | 0 ||| qw: Lair rune preference: random
     0 | D:1      | 0 ||| qw: Plans: Normal
     0 | D:1      | 0 ||| PLANNING D:1-11
    23 | D:1      | Found Alash's Book Emporium.
   169 | D:1      | Reached XP level 2. HP: 29/29 MP: 2/2
   218 | D:1      | 218 ||| Stepping ~*~*~tactically~*~*~ (stealth).
   267 | D:1      | 267 ||| Stepping ~*~*~tactically~*~*~ (stealth).
   276 | D:1      | Found a faded altar of an unknown god.
   321 | D:1      | 321 ||| Stepping ~*~*~tactically~*~*~ (stealth).
   450 | D:1      | 450 ||| READING scroll labelled JYSIUPR GIAHI.
   451 | D:1      | 451 ||| READING scroll labelled BIEFEZ QEIKHLY.
   452 | D:1      | 452 ||| READING scroll labelled VONWIRCHOJOAX.
   453 | D:1      | 453 ||| DRINKING 2 brown potions.
   454 | D:1      | 454 ||| DROPPING potion of attraction.
   593 | D:2      | 593 ||| Stepping ~*~*~tactically~*~*~ (hiding).
   728 | D:2      | Reached XP level 3. HP: 33/36 MP: 3/3
   882 | D:2      | Found Naczakugh's Armour Boutique.
   891 | D:2      | 891 ||| BUYING +0 tower shield (58 gold).
   891 | D:2      | Bought a +0 tower shield for 58 gold pieces
  1368 | D:2      | 1368 ||| UPGRADING to +0 tower shield.
  1373 | D:2      | 1373 ||| READING 2 scrolls labelled UPPAUN QUTUIPT.
  1391 | D:2      | 1391 ||| DRINKING 2 fuming golden potions.
  1392 | D:2      | 1392 ||| DRINKING 2 grey potions.
  1393 | D:2      | 1393 ||| DROPPING potion of magic.
  1394 | D:2      | 1394 ||| DROPPING scroll of torment.
  1401 | D:3      | Found a snail-covered altar of Cheibriados.
  1401 | D:3      | You fall into a shaft and drop 1 floor!
  1419 | D:4      | Reached skill level 1 in Shields
  1438 | D:4      | Noticed Dowan
  1439 | D:4      | Noticed Duvessa
  1440 | D:4      | 1440 ||| INVOKING Fiery Armour.
  1449 | D:4      | Killed Duvessa
  1450 | D:4      | Reached skill level 3 in Shields
  1450 | D:4      | Reached XP level 4. HP: 44/44 MP: 4/4
  1450 | D:4      | Reached XP level 5. HP: 50/50 MP: 5/5
  1455 | D:4      | Killed Dowan
  1525 | D:4      | Noticed a phantom
  1531 | D:4      | 1531 ||| Stepping ~*~*~tactically~*~*~ (outnumbered).
  1536 | D:4      | Killed a phantom
  1537 | D:4      | Reached skill level 4 in Shields
  1537 | D:4      | Reached XP level 6. HP: 59/59 MP: 6/6
  1550 | D:4      | 1550 ||| READING scroll labelled WIXKYNAMIR.
  1636 | D:4      | Noticed Blork the orc
  1650 | D:4      | 1650 ||| INVOKING Fiery Armour.
  1651 | D:4      | HP: 9/59 [Blork the orc/+0 flail (10)]
  1656 | D:4      | Killed Blork the orc
  1657 | D:4      | Reached skill level 5 in Shields
  1712 | D:4      | 1712 ||| UPGRADING to +2 robe of fire resistance.
  1722 | D:4      | 1722 ||| DROPPING +0 robe.
  1723 | D:4      | 1723 ||| DRINKING 3 golden potions.
  1846 | D:3      | Found a shadowy altar of Dithmenos.
  1848 | D:3      | Found a faded altar of an unknown god.
  2114 | D:4      | 2114 ||| READING scroll labelled QIEZUMO SIDUAWUJOL.
  2115 | D:4      | 2115 ||| READING scroll labelled ZIMASHR EVVE.
  2116 | D:4      | 2116 ||| Stepping randomly (stuck).
  2117 | D:4      | 2117 ||| Stepping ~*~*~tactically~*~*~ (cloud).
  2166 | D:3      | Identified the +2 dagger of Wounding {holy, rCorr}
  2218 | D:3      | 2218 ||| Stepping ~*~*~tactically~*~*~ (stealth).
  2220 | D:3      | 2220 ||| Stepping ~*~*~tactically~*~*~ (hiding).
  2222 | D:3      | 2222 ||| Stepping ~*~*~tactically~*~*~ (hiding).
  2225 | D:3      | 2225 ||| Stepping ~*~*~tactically~*~*~ (hiding).
  2458 | D:3      | 2458 ||| Stepping ~*~*~tactically~*~*~ (stealth).
  2460 | D:3      | 2460 ||| Stepping ~*~*~tactically~*~*~ (stealth).
  2461 | D:3      | 2461 ||| Stepping ~*~*~tactically~*~*~ (stealth).
  2580 | D:3      | 2580 ||| Stepping ~*~*~tactically~*~*~ (outnumbered).
  2779 | D:3      | 2779 ||| DROPPING +2 kite shield.
  2780 | D:3      | 2780 ||| DRINKING 2 clear potions.
  2781 | D:3      | 2781 ||| READING 2 scrolls of identify.
  2781 | D:3      | 2781 ||| IDENTIFYING puce potion
  2782 | D:3      | 2782 ||| DROPPING potion of brilliance.
  2809 | D:2      | 2809 ||| Stepping randomly (stuck).
  2829 | D:3      | 2829 ||| Stepping randomly (stuck).
  2876 | D:3      | 2876 ||| Stepping randomly (stuck).
  2912 | D:5      | Entered Level 5 of the Dungeon
  2913 | D:5      | 2913 ||| STAIRDANCE
  2918 | D:5      | 2918 ||| Stepping ~*~*~tactically~*~*~ (hiding).
  2919 | D:5      | 2919 ||| Stepping ~*~*~tactically~*~*~ (hiding).
  2922 | D:5      | 2922 ||| Stepping ~*~*~tactically~*~*~ (outnumbered).
  2931 | D:5      | Reached skill level 6 in Shields
  2931 | D:5      | Reached XP level 7. HP: 43/66 MP: 7/7
  3090 | D:5      | Found a staircase to the Ecumenical Temple.
  3260 | D:5      | 3260 ||| Stepping ~*~*~tactically~*~*~ (hiding).
  3261 | D:5      | 3261 ||| Stepping ~*~*~tactically~*~*~ (hiding).
  3268 | D:5      | 3268 ||| DRINKING 6 potions of curing.
  3268 | D:5      | 3268 ||| (to cure confusion)
  3269 | D:5      | 3269 ||| DRINKING 5 potions of curing.
  3269 | D:5      | 3269 ||| (to cure confusion)
  3274 | D:5      | 3274 ||| Stepping ~*~*~tactically~*~*~ (outnumbered).
  3275 | D:5      | 3275 ||| Stepping ~*~*~tactically~*~*~ (outnumbered).
  3318 | D:5      | Found Asucy's Antique Armour Shop.
  3324 | D:5      | 3324 ||| SHOPLISTING runed fire dragon scales (1827 gold,
                  | have 198).
  3389 | D:5      | 3389 ||| Stepping ~*~*~tactically~*~*~ (stealth).
  3447 | D:5      | Found a sparkling altar of Nemelex Xobeh.
  3447 | D:5      | Found a stormy altar of Qazlal.
  3451 | D:5      | Noticed a steam dragon
  3452 | D:5      | 3452 ||| Stepping ~*~*~tactically~*~*~ (hiding).
  3460 | D:5      | Killed a steam dragon
  3461 | D:5      | Reached skill level 7 in Shields
  3725 | D:5      | 3725 ||| READING 2 scrolls labelled ROOREA RITISCH.
  3726 | D:5      | 3726 ||| READING scroll labelled KUPSUPR PAROGEL.
  3727 | D:5      | 3727 ||| DRINKING 3 white potions.
  3728 | D:5      | 3728 ||| READING 2 scrolls of identify.
  3728 | D:5      | 3728 ||| IDENTIFYING fizzy yellow potion
  3729 | D:5      | 3729 ||| DROPPING potion of degeneration.
  3754 | D:6      | Reached XP level 8. HP: 74/74 MP: 8/8
  3793 | D:6      | 3793 ||| Stepping ~*~*~tactically~*~*~ (stealth).
  3799 | D:6      | 3799 ||| INVOKING Fiery Armour.
  3804 | D:6      | Reached skill level 8 in Shields
  3817 | D:6      | 3817 ||| Stepping ~*~*~tactically~*~*~ (stealth).
  3871 | D:6      | 3871 ||| Stepping ~*~*~tactically~*~*~ (stealth).
  3881 | D:6      | Found a sacrificial altar of Ru.
  3919 | D:6      | Reached skill level 6 in Unarmed Combat
  4106 | D:6      | 4106 ||| INVOKING Fiery Armour.
  4450 | D:6      | Found a transporter.
  4451 | D:6      | Found a transporter.
  4451 | D:6      | Noticed qw's ghost (novice TeWr)
  4569 | D:6      | Reached skill level 9 in Shields
  4659 | D:6      | 4659 ||| UPGRADING to amulet of guardian spirit.
  4664 | D:6      | 4664 ||| READING scroll labelled NYLILYK PAOK.
  4665 | D:6      | 4665 ||| READING 3 scrolls of identify.
  4665 | D:6      | 4665 ||| IDENTIFYING inky potion
  4666 | D:6      | 4666 ||| READING 2 scrolls of identify.
  4666 | D:6      | 4666 ||| IDENTIFYING metallic purple potion
  4667 | D:6      | 4667 ||| DROPPING potion of lignification.
  4760 | D:7      | 4760 ||| Stepping ~*~*~tactically~*~*~ (stealth).
  4767 | D:7      | 4767 ||| Stepping ~*~*~tactically~*~*~ (stealth).
  4768 | D:7      | 4768 ||| Stepping ~*~*~tactically~*~*~ (hiding).
  4769 | D:7      | 4769 ||| Stepping ~*~*~tactically~*~*~ (hiding).
  4770 | D:7      | 4770 ||| Stepping ~*~*~tactically~*~*~ (hiding).
  4773 | D:7      | Reached XP level 9. HP: 78/80 MP: 7/9
  4785 | D:7      | 4785 ||| INVOKING Fiery Armour.
  4892 | D:7      | 4892 ||| Stepping ~*~*~tactically~*~*~ (stealth).
  5126 | D:7      | 5126 ||| INVOKING Fiery Armour.
  5423 | D:7      | 5423 ||| UPGRADING to ring of protection from fire.
  5424 | D:7      | 5424 ||| UPGRADING to ring of see invisible.
  5425 | D:7      | 5425 ||| READING scroll labelled EDARIO VUGILE.
  5426 | D:7      | 5426 ||| READING scroll labelled VUEBIL MULONA.
  5427 | D:7      | 5427 ||| READING 2 scrolls of identify.
  5427 | D:7      | 5427 ||| IDENTIFYING smoky ruby potion
  5428 | D:7      | 5428 ||| DROPPING potion of ambrosia.
  5460 | D:8      | 5460 ||| Stepping ~*~*~tactically~*~*~ (outnumbered).
  5461 | D:8      | 5461 ||| Stepping ~*~*~tactically~*~*~ (outnumbered).
  5483 | D:8      | 5483 ||| Stepping ~*~*~tactically~*~*~ (stealth).
  5636 | D:8      | 5636 ||| Stepping ~*~*~tactically~*~*~ (stealth).
  5668 | D:8      | 5668 ||| Stepping ~*~*~tactically~*~*~ (hiding).
  5678 | D:8      | 5678 ||| Stepping ~*~*~tactically~*~*~ (stealth).
  5681 | D:8      | 5681 ||| Stepping ~*~*~tactically~*~*~ (stealth).
  5683 | D:8      | 5683 ||| Stepping ~*~*~tactically~*~*~ (stealth).
  5690 | D:8      | 5690 ||| Stepping ~*~*~tactically~*~*~ (outnumbered).
  5691 | D:8      | 5691 ||| Stepping ~*~*~tactically~*~*~ (outnumbered).
  5692 | D:8      | 5692 ||| Stepping ~*~*~tactically~*~*~ (outnumbered).
  5697 | D:8      | 5697 ||| Stepping ~*~*~tactically~*~*~ (stealth).
  5722 | D:8      | Noticed Psyche
  5735 | D:8      | Killed Psyche
  5736 | D:8      | Reached skill level 10 in Shields
  5897 | D:8      | Reached skill level 3 in Fighting
  6044 | D:8      | 6044 ||| DRINKING 5 potions of curing.
  6044 | D:8      | 6044 ||| (to cure confusion)
  6047 | D:8      | 6047 ||| Stepping ~*~*~tactically~*~*~ (outnumbered).
  6048 | D:8      | 6048 ||| DRINKING 4 potions of curing.
  6048 | D:8      | 6048 ||| (to cure confusion)
  6049 | D:8      | 6049 ||| Stepping ~*~*~tactically~*~*~ (outnumbered).
  6270 | D:9      | 6270 ||| Stepping ~*~*~tactically~*~*~ (outnumbered).
  6271 | D:9      | 6271 ||| Stepping ~*~*~tactically~*~*~ (outnumbered).
  6272 | D:9      | 6272 ||| Stepping ~*~*~tactically~*~*~ (outnumbered).
  6273 | D:9      | 6273 ||| Stepping ~*~*~tactically~*~*~ (outnumbered).
  6274 | D:9      | 6274 ||| Stepping ~*~*~tactically~*~*~ (outnumbered).
  6275 | D:9      | 6275 ||| Stepping ~*~*~tactically~*~*~ (outnumbered).
  6276 | D:9      | 6276 ||| Stepping ~*~*~tactically~*~*~ (outnumbered).
  6277 | D:9      | 6277 ||| Stepping ~*~*~tactically~*~*~ (outnumbered).
  6278 | D:9      | 6278 ||| Stepping ~*~*~tactically~*~*~ (outnumbered).
  6281 | D:9      | 6281 ||| Stepping ~*~*~tactically~*~*~ (outnumbered).
  6282 | D:9      | 6282 ||| Stepping ~*~*~tactically~*~*~ (outnumbered).
  6283 | D:9      | 6283 ||| Stepping ~*~*~tactically~*~*~ (outnumbered).
  6287 | D:9      | 6287 ||| Stepping ~*~*~tactically~*~*~ (outnumbered).
  6292 | D:9      | 6292 ||| Stepping ~*~*~tactically~*~*~ (outnumbered).
  6293 | D:9      | 6293 ||| Stepping ~*~*~tactically~*~*~ (outnumbered).
  6294 | D:9      | 6294 ||| Stepping ~*~*~tactically~*~*~ (outnumbered).
  6295 | D:9      | 6295 ||| Stepping ~*~*~tactically~*~*~ (outnumbered).
  6296 | D:9      | 6296 ||| Stepping ~*~*~tactically~*~*~ (outnumbered).
  6297 | D:9      | 6297 ||| Stepping ~*~*~tactically~*~*~ (outnumbered).
  6298 | D:9      | 6298 ||| Stepping ~*~*~tactically~*~*~ (outnumbered).
  6302 | D:9      | 6302 ||| Stepping ~*~*~tactically~*~*~ (outnumbered).
  6305 | D:9      | Killed a large slime creature
  6306 | D:9      | Reached skill level 9 in Unarmed Combat
  6343 | D:9      | 6343 ||| Stepping ~*~*~tactically~*~*~ (outnumbered).
  6344 | D:9      | 6344 ||| Stepping ~*~*~tactically~*~*~ (outnumbered).
  6345 | D:9      | 6345 ||| Stepping ~*~*~tactically~*~*~ (outnumbered).
  6346 | D:9      | 6346 ||| Stepping ~*~*~tactically~*~*~ (outnumbered).
  6351 | D:9      | 6351 ||| INVOKING Fiery Armour.
  6355 | D:9      | Reached skill level 1 in Throwing
  6355 | D:9      | Reached XP level 10. HP: 32/91 MP: 2/10
  6478 | D:9      | Paralysed by a hornet for 2 turns
  6480 | D:9      | 6480 ||| INVOKING Fiery Armour.
  6480 | D:9      | Noticed Erica
  6494 | D:9      | 6494 ||| DRINKING 3 potions of curing.
  6494 | D:9      | 6494 ||| (to cure confusion)
  6495 | D:9      | Killed Erica
  6496 | D:9      | Reached skill level 11 in Shields
  6677 | D:9      | 6677 ||| Stepping ~*~*~tactically~*~*~ (hiding).
  6679 | D:9      | 6679 ||| Stepping ~*~*~tactically~*~*~ (hiding).
  6726 | D:9      | Noticed a harpy
  6735 | D:9      | 6735 ||| INVOKING Fiery Armour.
  6736 | D:9      | 6736 ||| Stepping ~*~*~tactically~*~*~ (outnumbered).
  6737 | D:9      | 6737 ||| Stepping ~*~*~tactically~*~*~ (outnumbered).
  6737 | D:9      | a harpy changed into an unseen horror
  6743 | D:9      | Reached skill level 1 in Dodging
  6744 | D:9      | HP: 22/91 [yak (4)]
  6745 | D:9      | 6745 ||| READING scroll of teleportation.
  6746 | D:9      | 6746 ||| DRINKING 3 potions of heal wounds.
  6747 | D:9      | 6747 ||| Stepping ~*~*~tactically~*~*~ (outnumbered).
  6748 | D:9      | 6748 ||| Stepping ~*~*~tactically~*~*~ (outnumbered).
  6749 | D:9      | 6749 ||| DRINKING 2 potions of heal wounds.
  6872 | D:9      | 6872 ||| INVOKING Fiery Armour.
  6892 | D:9      | HP: 17/91 [yak (10)]
  6893 | D:9      | 6893 ||| DRINKING potion of heal wounds.
  6958 | D:9      | 6958 ||| Stepping ~*~*~tactically~*~*~ (stealth).
  7022 | D:9      | 7022 ||| Stepping ~*~*~tactically~*~*~ (stealth).
  7024 | D:9      | 7024 ||| Stepping ~*~*~tactically~*~*~ (stealth).
  7032 | D:9      | 7032 ||| Stepping ~*~*~tactically~*~*~ (outnumbered).
  7033 | D:9      | 7033 ||| Stepping ~*~*~tactically~*~*~ (outnumbered).
  7060 | D:9      | 7060 ||| Stepping ~*~*~tactically~*~*~ (stealth).
  7062 | D:9      | 7062 ||| Stepping ~*~*~tactically~*~*~ (hiding).
  7063 | D:9      | 7063 ||| Stepping ~*~*~tactically~*~*~ (hiding).
  7198 | D:9      | 7198 ||| Stepping ~*~*~tactically~*~*~ (outnumbered).
  7200 | D:9      | 7200 ||| Stepping ~*~*~tactically~*~*~ (outnumbered).
  7201 | D:9      | 7201 ||| Stepping ~*~*~tactically~*~*~ (outnumbered).
  7202 | D:9      | 7202 ||| Stepping ~*~*~tactically~*~*~ (outnumbered).
  7203 | D:9      | 7203 ||| Stepping ~*~*~tactically~*~*~ (outnumbered).
  7204 | D:9      | 7204 ||| Stepping ~*~*~tactically~*~*~ (outnumbered).
  7205 | D:9      | 7205 ||| Stepping ~*~*~tactically~*~*~ (outnumbered).
  7206 | D:9      | 7206 ||| Stepping ~*~*~tactically~*~*~ (outnumbered).
  7207 | D:9      | 7207 ||| Stepping ~*~*~tactically~*~*~ (outnumbered).
  7209 | D:9      | 7209 ||| Stepping ~*~*~tactically~*~*~ (outnumbered).
  7210 | D:9      | 7210 ||| Stepping ~*~*~tactically~*~*~ (outnumbered).
  7211 | D:9      | 7211 ||| Stepping ~*~*~tactically~*~*~ (outnumbered).
  7212 | D:9      | 7212 ||| Stepping ~*~*~tactically~*~*~ (outnumbered).
  7213 | D:9      | 7213 ||| Stepping ~*~*~tactically~*~*~ (outnumbered).
  7214 | D:9      | 7214 ||| Stepping ~*~*~tactically~*~*~ (outnumbered).
  7215 | D:9      | 7215 ||| Stepping ~*~*~tactically~*~*~ (outnumbered).
  7216 | D:9      | 7216 ||| Stepping ~*~*~tactically~*~*~ (outnumbered).
  7217 | D:9      | 7217 ||| Stepping ~*~*~tactically~*~*~ (outnumbered).
  7219 | D:9      | 7219 ||| Stepping ~*~*~tactically~*~*~ (outnumbered).
  7223 | D:9      | 7223 ||| INVOKING Fiery Armour.
  7302 | D:9      | Noticed a cane toad
  7302 | D:9      | a golden eye changed into a cane toad
  7303 | D:9      | a cane toad changed into a golden eye
  7480 | D:9      | 7480 ||| READING scroll labelled EPUATO FUXOTTO.
  7481 | D:9      | 7481 ||| READING 2 scrolls of identify.
  7481 | D:9      | 7481 ||| IDENTIFYING sapphire potion
  7482 | D:9      | 7482 ||| DROPPING potion of invisibility.
  7506 | D:10     | Entered Level 10 of the Dungeon
  7521 | D:10     | 7521 ||| Stepping ~*~*~tactically~*~*~ (stealth).
  7522 | D:10     | 7522 ||| Stepping ~*~*~tactically~*~*~ (stealth).
  7523 | D:10     | 7523 ||| Stepping ~*~*~tactically~*~*~ (stealth).
  7526 | D:10     | 7526 ||| Stepping ~*~*~tactically~*~*~ (outnumbered).
  7527 | D:10     | 7527 ||| INVOKING Fiery Armour.
  7528 | D:10     | 7528 ||| Stepping ~*~*~tactically~*~*~ (outnumbered).
  7529 | D:10     | 7529 ||| Stepping ~*~*~tactically~*~*~ (outnumbered).
  7530 | D:10     | 7530 ||| Stepping ~*~*~tactically~*~*~ (outnumbered).
  7531 | D:10     | 7531 ||| Stepping ~*~*~tactically~*~*~ (outnumbered).
  7532 | D:10     | 7532 ||| Stepping ~*~*~tactically~*~*~ (outnumbered).
  7533 | D:10     | 7533 ||| Stepping ~*~*~tactically~*~*~ (outnumbered).
  7535 | D:10     | 7535 ||| Stepping ~*~*~tactically~*~*~ (outnumbered).
  7536 | D:10     | 7536 ||| Stepping ~*~*~tactically~*~*~ (outnumbered).
  7537 | D:10     | 7537 ||| Stepping ~*~*~tactically~*~*~ (outnumbered).
  7538 | D:10     | 7538 ||| Stepping ~*~*~tactically~*~*~ (outnumbered).
  7539 | D:10     | 7539 ||| Stepping ~*~*~tactically~*~*~ (outnumbered).
  7540 | D:10     | 7540 ||| Stepping ~*~*~tactically~*~*~ (outnumbered).
  7541 | D:10     | 7541 ||| Stepping ~*~*~tactically~*~*~ (outnumbered).
  7543 | D:10     | 7543 ||| Stepping ~*~*~tactically~*~*~ (outnumbered).
  7544 | D:10     | 7544 ||| Stepping ~*~*~tactically~*~*~ (outnumbered).
  7545 | D:10     | 7545 ||| Stepping ~*~*~tactically~*~*~ (outnumbered).
  7546 | D:10     | 7546 ||| Stepping ~*~*~tactically~*~*~ (outnumbered).
  7547 | D:10     | 7547 ||| Stepping ~*~*~tactically~*~*~ (outnumbered).
  7548 | D:10     | 7548 ||| Stepping ~*~*~tactically~*~*~ (outnumbered).
  7549 | D:10     | 7549 ||| Stepping ~*~*~tactically~*~*~ (outnumbered).
  7567 | D:10     | Reached skill level 12 in Shields
  7570 | D:10     | Reached XP level 11. HP: 61/100 MP: 8/11
  7744 | D:10     | 7744 ||| Stepping ~*~*~tactically~*~*~ (hiding).
  7825 | D:10     | 7825 ||| Stepping ~*~*~tactically~*~*~ (stealth).
  7826 | D:10     | 7826 ||| Stepping ~*~*~tactically~*~*~ (stealth).
  7913 | D:10     | 7913 ||| Stepping ~*~*~tactically~*~*~ (stealth).
  7916 | D:10     | 7916 ||| Stepping ~*~*~tactically~*~*~ (stealth).
  7917 | D:10     | 7917 ||| Stepping ~*~*~tactically~*~*~ (stealth).
  7918 | D:10     | 7918 ||| Stepping ~*~*~tactically~*~*~ (stealth).
  7919 | D:10     | 7919 ||| Stepping ~*~*~tactically~*~*~ (stealth).
  7923 | D:10     | 7923 ||| Stepping ~*~*~tactically~*~*~ (outnumbered).
  7924 | D:10     | 7924 ||| INVOKING Fiery Armour.
  7925 | D:10     | 7925 ||| Stepping ~*~*~tactically~*~*~ (outnumbered).
  7929 | D:10     | 7929 ||| Stepping ~*~*~tactically~*~*~ (outnumbered).
  7944 | D:10     | 7944 ||| Stepping ~*~*~tactically~*~*~ (outnumbered).
  8020 | D:10     | Found a staircase to the Orcish Mines.
  8168 | D:10     | 8168 ||| UPGRADING to +0 troll leather armour.
  8178 | D:10     | 8178 ||| DROPPING +0 steam dragon scales.
  8179 | D:10     | 8179 ||| UPGRADING to +6 ring of strength.
  8181 | D:10     | 8181 ||| UPGRADING to +2 robe of fire resistance.
  8191 | D:10     | 8191 ||| READING 2 scrolls of identify.
  8191 | D:10     | 8191 ||| IDENTIFYING emerald potion
  8192 | D:10     | 8192 ||| DROPPING potion of berserk rage.
  8482 | D:11     | Noticed an oklob plant
  8484 | D:11     | Noticed an oklob plant
  8485 | D:11     | Found a staircase to the Lair.
  8486 | D:11     | 8486 ||| Stepping ~*~*~tactically~*~*~ (outnumbered).
  8495 | D:11     | 8495 ||| Stepping ~*~*~tactically~*~*~ (outnumbered).
  8559 | D:11     | HP: 9/100 [oklob plant/splash of acid (33)]
  8560 | D:11     | 8560 ||| READING scroll of teleportation.
  8562 | D:11     | Killed an oklob plant
  8662 | D:11     | Noticed a two-headed ogre
  8669 | D:11     | Killed a two-headed ogre
  8892 | D:11     | HP: 18/100 [oklob plant/splash of acid (30)]
  8893 | D:11     | Killed an oklob plant
  9208 | D:11     | 9208 ||| PLANNING LAIR
  9208 | D:11     | 9208 ||| READING scroll labelled BIFIMA FEJECA.
  9370 | Lair:1   | Entered Level 1 of the Lair of Beasts
  9493 | Lair:1   | HP: 18/100 [black mamba (12)]
  9494 | Lair:1   | HP: 8/100 [bullfrog (5)]
  9495 | Lair:1   | HP: 2/100 [black mamba (7)]
  9495 | Lair:1   | Mangled by a black mamba

Levels and vault maps discovered:
D:1:      mrwooster_arrival_statue_2, layout_rooms, serial_shops, shop,
          nicolae_ecumenical_snake_handling
D:2:      layout_loops_corners, serial_shops,
          nicolae_shop_temple_entry_statues_fountains
D:3:      layout_basic, mainiacjoe_overflow_catwalk,
          nicolae_overflow_ecumenical_swirl, minmay_cupped
D:4:      layout_basic, uniq_duvessa, uniq_blork_the_orc
D:5:      layout_basic, mainiacjoe_overflow_large_starburst,
          minmay_temple_entry_grid, serial_shops, shop
D:6:      layout_loops_ring, mainiacjoe_overflow_six_doors_small,
          gammafunk_ghost_smash
D:7:      layout_loops_ring, david_defended_altar_orc
D:8:      layout_basic, uniq_psyche
D:9:      layout_irregular_city, uniq_erica
D:10:     layout_big_octagon, david_orc_4, minmay_misc_feat_rugged
D:11:     layout_roguey, dpeg_oklobed_lair, lemuel_old_faithful
Lair:1:   lemuel_ratsnest, layout_gridlike, wad_woods_03, serial_bayou_shore_a,
          lemuel_fruit_tree

Skill      XL: |  1  2  3  4  5  6  7  8  9 10 11 |
---------------+----------------------------------+-----
Unarmed Combat | 4 5 6 9 10 11 | 11.4
Shields        | 3 4 6 7 9 10 12 | 12.5
Fighting       | 3 4 |  4.1
Throwing       | 1 2 |  2.4
Dodging        | 1 |  1.5
Spellcasting   | |  1.0
Fire Magic     | |  2.1

Action                   |  1- 3 |  4- 6 |  7- 9 | 10-12 || total
-------------------------+-------+-------+-------+-------++-------
Melee: Unarmed           |    82 |   128 |   291 |   301 ||   802
       Punch             |     1 |       |       |       ||     1
Throw: Boomerang         |       |       |    30 |    35 ||    65
       Large rock        |       |       |       |     2 ||     2
Invok: Fiery Armour      |     1 |     1 |     5 |     6 ||    13
  Use: Scroll            |     4 |     4 |     9 |     6 ||    23
       Potion            |     3 |     2 |     5 |     4 ||    14
Armor: Robe              |    28 |    41 |   101 |    63 ||   233
Dodge: Dodged            |    21 |    30 |    67 |    62 ||   180
Block: Tower shield      |     4 |    73 |   208 |   259 ||   544

Table legend:
 A = Non-vault XP
 B = Vault XP
 C = Vault XP percentage of total XP
 D = Non-vault monster count
 E = Vault monster count
 F = Vault count percentage of total count
                 A         B        C        D         E       F
            +---------+---------+-------+---------+---------+-------
      Total |   13218 |    3326 |  20.1 |     178 |      32 |  15.2
            +---------+---------+-------+---------+---------+-------
        D:1 |      32 |       2 |   5.9 |      17 |       2 |  10.5
        D:2 |      15 |       0 |   0.0 |       7 |       0 |   0.0
        D:3 |      77 |      15 |  16.3 |      22 |       2 |   8.3
        D:4 |     203 |     295 |  59.2 |      11 |       3 |  21.4
        D:5 |     699 |       0 |   0.0 |      17 |       0 |   0.0
        D:6 |    1353 |       0 |   0.0 |      13 |       0 |   0.0
        D:7 |     880 |     127 |  12.6 |      12 |       3 |  20.0
        D:8 |     818 |     346 |  29.7 |      23 |       1 |   4.2
        D:9 |    4554 |     828 |  15.4 |      35 |       1 |   2.8
       D:10 |    1477 |     638 |  30.2 |      11 |      17 |  60.7
       D:11 |    2193 |    1062 |  32.6 |       7 |       2 |  22.2
     Lair:1 |     917 |      13 |   1.4 |       3 |       1 |  25.0
            +---------+---------+-------+---------+---------+-------
